 Dungeon Crawl Stone Soup version 0.26.1-2-gb8aa6d0cf2 (webtiles) character file.

Game seed: 16841731022421624040

230 DearestLeader the Digger (level 6, -3/32 HPs)
             Began as a Gargoyle Earth Elementalist on Mar 7, 2021.
             Slain by a gnoll
             ... wielding a +0 flail
              (8 damage)
             ... on level 4 of the Dungeon.
             The game lasted 00:06:39 (2861 turns).

DearestLeader the Digger (GrEE)                     Turns: 2861, Time: 00:06:39

Health: -3/32      AC:  8    Str: 11    XL:     6   Next: 3%
Magic:  0/9        EV:  6    Int: 18    God:
Gold:   170        SH:  0    Dex: 10    Spells: 5/9 levels left

rFire    . . .     SeeInvis .   r - +1 dagger (vamp)
rCold    . . .     Faith    .   (no shield)
rNeg     + . .     Spirit   .   c - +0 robe
rPois    ∞         Reflect  .   t - +0 helmet
rElec    +         Harm     .   i - +0 cloak
rCorr    .         Rampage  .   (no gloves)
Will     .....                  (no boots)
Stlth    ++........             o - amulet of regeneration
HPRegen  0.50/turn              d - +4 ring of slaying
MPRegen  0.11/turn              (no ring)

@: held
A: negative energy resistance 1, electricity resistance, unbreathing,
petrification resistance, miasma immunity, AC +4
a: no special abilities


You were on level 4 of the Dungeon.
You visited 1 branch of the dungeon, and saw 4 of its levels.

You collected 170 gold pieces.

Inventory:

Hand Weapons
 a - a +0 short sword
 m - a +0 whip
 r - a +1 vampiric dagger (weapon)
Missiles
 b - 85 stones
Armour
 c - a +0 robe (worn)
 i - a +0 cloak (worn)
 t - a +0 helmet (worn)
Jewellery
 d - a +4 ring of slaying (left hand)
 o - an amulet of regeneration (around neck)
Wands
 p - a wand of random effects (17)
Scrolls
 e - a scroll of remove curse {unknown}
 h - 2 scrolls of teleportation
 j - a scroll of fear
 l - a scroll of amnesia
 u - a scroll of immolation {unknown}
Potions
 f - a potion of invisibility {unknown}
 g - a potion of lignification {unknown}
 k - a potion of might {unknown}
 q - a potion of flight {unknown}


   Skills:
 - Level 1.5 Dodging
 - Level 2.1 Stealth
 - Level 2.0 Spellcasting
 - Level 0.7 Transmutations
 * Level 7.9 Earth Magic


You had 5 spell levels left.
You knew the following spells:

 Your Spells              Type           Power        Failure   Level
a - Sandblast             Erth           60%          1%          1
b - Stone Arrow           Conj/Erth      32%          11%         3

Your spell library contained the following spells:

 Spells                   Type           Power        Failure   Level
 Passwall                 Tmut/Erth      14%          4%          2
 Lee's Rapid Deconstruct  Erth           15%          21%         5
 Petrify                  Tmut/Erth      17%          30%         4
 Bolt of Magma            Conj/Fire/Erth 5%           86%         5
 Iskenderun's Battlesphe  Conj           1%           99%         5
 Iron Shot                Conj/Erth      8%           99%         6
 Orb of Destruction       Conj           0%           100%        7
 Spellforged Servitor     Conj/Summ      0%           100%        7


Dungeon Overview and Level Annotations

Branches:
Dungeon (4/15)
 Temple: D:4-7

Altars:
Ashenzari

Portals:
Sewer: D:4


Innate Abilities, Weirdness & Mutations

You are resistant to torment.
Your stone body is resilient. (AC +4)
You are immune to poison.
You resist negative energy. (rN+)
You are resistant to electric shocks. (rElec)
You can survive without breathing.
You are immune to petrification.
You are immune to miasma.


Message History

The gnoll hits you but does no damage. The scorpion barely misses you.
Casting: Sandblast (safe; 1% risk of failure)
Confirm with . or Enter, or press ? or * to list all spells.
Aiming: Sandblast (safe; 1% risk of failure)
Press: ? - help, Shift-Dir - straight line, f/p - scorpion
Aim: a scorpion (severely wounded, 18% to evade)
The blast of sand hits the scorpion but does no damage.
The scorpion is severely wounded.
The gnoll hits you with a +0 flail.
* * * LOW HITPOINT WARNING * * *
The scorpion stings you but does no damage.
Casting: Sandblast (safe; 1% risk of failure)
Confirm with . or Enter, or press ? or * to list all spells.
Aiming: Sandblast (safe; 1% risk of failure)
Press: ? - help, Shift-Dir - straight line, f/p - scorpion
Aim: a scorpion (severely wounded, 18% to evade)
The blast of sand hits the scorpion!
You kill the scorpion!
The gnoll hits you with a +0 flail!
You die...

,,,*,,,,,,........#....<...#***,,
,,,*,**,,,,......#.........#.##,,
,,,*,,*,,,,##....#.............,,
,*,,,,,,*.##.....#.###..#.##..#**
,*,,,,,**...........#.....#...# *
,,,*,,,**,,*#................##**
,***,,,*,..###..w#######..##..#,*
,***++***......)g#SB≈≈≈#l......,,
,*≈≈,,≈≈*##..##.@+SB∩≈≈#.#....,,,
,*≈,,,,≈*,##,#...#SB≈≈≈#.w....,,,
,+,,8,,,+,,#.....#######......,,,
,+,,,8,,+......>..............,,,
**≈,,,,≈*....................,,,,
*≈≈,,≈≈*...............,,,,,,,,,
****++***...##.##.......,,,,,,,,<
*,,,,,,*,...,#.,,#.#..##*,,,,,,,,
*****,*,,,,,,,,,,*,*,,**,,,,,,,,,


You could see a worm, a gnoll, 2 adders and 2 giant cockroaches.

Vanquished Creatures
  A scorpion (D:4)
  A hound (D:4)
  An orc priest (D:3)
  3 gnolls (D:4)
  4 adders
  2 worms (D:2)
  2 dart slugs (D:1)
  3 leopard geckos
  12 orcs
  7 bats
  4 giant cockroaches
  10 goblins
  3 hobgoblins
  5 jackals
  3 quokkas
  A ball python (D:3)
  6 frilled lizards
  8 kobolds
  8 rats
84 creatures vanquished.

Vanquished Creatures (others)
  A plant (D:3)
1 creature vanquished.

Grand Total: 85 creatures vanquished

Notes
Turn   | Place    | Note
-------+----------+-------------------------------------------
     0 | D:1      | DearestLeader the Gargoyle Earth Elementalist began the
                  | quest for the Orb.
     0 | D:1      | Reached XP level 1. HP: 10/10 MP: 3/3
   159 | D:1      | Reached skill level 4 in Earth Magic
   261 | D:1      | Reached XP level 2. HP: 13/15 MP: 5/5
   949 | D:1      | Reached XP level 3. HP: 19/19 MP: 6/6
   961 | D:1      | Reached skill level 5 in Earth Magic
   965 | D:1      | Learned a level 3 spell: Stone Arrow
  1475 | D:2      | Reached XP level 4. HP: 18/24 MP: 1/7
  1766 | D:2      | Reached skill level 6 in Earth Magic
  2233 | D:3      | Reached XP level 5. HP: 4/28 MP: 4/8
  2323 | D:3      | Found a broken altar of Ashenzari.
  2380 | D:3      | Reached skill level 7 in Earth Magic
  2830 | D:4      | Found a glowing drain.
  2859 | D:4      | Reached XP level 6. HP: 9/32 MP: 2/9
  2861 | D:4      | Slain by a gnoll

Illustrated notes

Levels and vault maps discovered:
D:1:      dpeg_arrival_tiny_d, layout_loops_ring
D:2:      layout_rooms
D:3:      corexii_shack_village, layout_rooms, evilmike_ruin_ashenzari
D:4:      layout_cave_pools, gup_sewer_entry_glass, kennysheep_generic_room_12

Skill      XL: |  1  2  3  4  5 |
---------------+----------------+-----
Earth Magic    | 4 5 6 7 |  7.9
Dodging        | |  1.5
Stealth        | |  2.1
Spellcasting   | |  2.0
Transmutations | |  0.7

Action                   |  1- 3 |  4- 6 || total
-------------------------+-------+-------++-------
Melee: Short sword       |    82 |       ||    82
       Whip              |    18 |    36 ||    54
       Dagger            |       |    68 ||    68
 Cast: Sandblast         |    14 |    13 ||    27
  Use: Scroll            |       |     6 ||     6
 Stab: Sleeping          |     3 |       ||     3
Armor: Robe              |    41 |    39 ||    80
Dodge: Dodged            |    86 |    67 ||   153
